 Dungeon Crawl Stone Soup version 0.20-a0-751-g905781e (webtiles) character file.

1661 Amciq the Chucker (level 8, 0/80 HPs)
             Began as a Troll Hunter on Feb 25, 2017.
             Was a Believer of the Shining One.
             Slain by a hog (8 damage)
             ... on level 7 of the Dungeon.
             The game lasted 00:21:54 (5918 turns).

Amciq the Chucker (Troll Hunter)                    Turns: 5918, Time: 00:21:55

Health: 0/80       AC:  7    Str: 22    XL:     8   Next: 69%
Magic:  8/9        EV: 10    Int:  7    God:    the Shining One [**....]
Gold:   153        SH:  7    Dex: 11    Spells: 7/7 levels left

rFire    + . .     SeeInvis .   m - +6 whip (freeze)
rCold    . . .     Gourm    +   b - +1 robe
rNeg     + . .     Faith    .   (no shield)
rPois    .         Spirit   .   (helmet restricted)
rElec    .         Reflect  .   t - +0 cloak
rCorr    .         Harm     .   (gloves unavailable)
MR       ++...                  (boots unavailable)
Stlth    +.........             n - amulet of regeneration
Regen    1.1/turn               r - ring of protection from magic
MPRegen  0.2/turn               B - ring of protection from fire

@: divine shield, glowing
A: unfitting armour, claws 3, fast metabolism 3, gourmand, magic resistance 1,
regeneration 1, shaggy fur 1, tough skin 2, subdued magic 1
a: Divine Shield, Renounce Religion


You were on level 7 of the Dungeon.
You worshipped the Shining One.
The Shining One was pleased with you.
You were completely stuffed.

You visited 1 branch of the dungeon, and saw 7 of its levels.
You also visited: Ossuary.

You collected 296 gold pieces.
You spent 143 gold pieces at shops.

Inventory:

Hand Weapons
 a - a +0 short sword
 m - a +6 whip of freezing (weapon)
Missiles
 c - 5 large rocks (quivered)
 d - 2 throwing nets
Armour
 b - a +1 robe (worn)
 t - a +0 cloak (worn)
Jewellery
 e - an uncursed ring of stealth
 n - an amulet of regeneration (around neck)
 r - a ring of protection from magic (right claw)
 s - an uncursed ring of positive energy
 B - a ring of protection from fire (left claw)
Wands
 y - a wand of lightning (8/15)
 A - a wand of acid (9/15)
Scrolls
 g - a scroll of amnesia
 j - a scroll of enchant armour
 u - a scroll of fog {unknown}
 v - 3 scrolls of enchant weapon
 x - 2 scrolls of teleportation
 D - a scroll of random uselessness {unknown}
Potions
 h - 11 potions of curing
 k - a potion of resistance
 l - 2 potions of lignification {unknown}
 o - a potion of magic {unknown}
 q - 4 potions of heal wounds
 w - a potion of berserk rage {unknown}
 z - a potion of flight {unknown}
 C - a potion of brilliance {unknown}
 E - a potion of agility {unknown}
 F - 2 potions of might
Comestibles
 f - 6 bread rations
 i - 2 meat rations
 p - a royal jelly
 G - 3 chunks of flesh


   Skills:
 + Level 5.0 Fighting
 + Level 5.1 Maces & Flails
 + Level 6.9 Throwing
 - Level 1.5 Dodging
 - Level 0.3 Stealth
 + Level 3.2 Invocations


You had 7 spell levels left.
You didn't know any spells.

Dungeon Overview and Level Annotations

Branches:
Dungeon (7/15)             Temple (0/1) D:6

Altars:
Cheibriados
Fedhas
Hepliaklqana
Makhleb
Ru
Wu Jian
Yredelemnul
The Shining One

Shops:
D:7 !


Innate Abilities, Weirdness & Mutations

You are too large for most types of armour.
You have claws for hands.
Your metabolism is lightning-fast.
You like to eat raw meat.
Your natural rate of healing is unusually fast.
You are covered in fur. (AC +1)
You have very tough skin. (AC +2)
You are resistant to hostile enchantments. (MR+)
Your spells are a little easier to cast, but a little less powerful.


Message History

The hog bites you.
You hit the hog. You freeze the hog.
The hog is heavily wounded.
You block the hog's attack. The hog bites you but does no damage.
The hog barely misses you. You block the hog's attack.
You hit the hog. You freeze the hog.
The hog is severely wounded.
The hog bites you.
* * * LOW HITPOINT WARNING * * *
The hog bites you!
* * * LOW HITPOINT WARNING * * *
You block the hog's attack. The hog closely misses you. The hog bites you.
* * * LOW HITPOINT WARNING * * *
You hit the hog. You freeze the hog.
The hog is severely wounded.
The hog bites you!
* * * LOW HITPOINT WARNING * * *
The hog bites you!
You die...

#.# #.# ######.####
#.# ...........# #.#
#######.##.# #.#
...##(# #.# ######(#
#.##### #######.(#
#.....# #%%..hh..#
#####.# #%...@#.(#
#.# ###'####.# #.#
#.....##)#######.####
#.....#.#..........∩#
##########.....#.##.#
#..###.#.##.##
.#........#...
#..#####.###. #..#
#.# #.


You could see 2 hogs.

Vanquished Creatures
  A hog (D:7)
  A human (D:7)
  An ice beast (D:6)
  2 centaurs
  4 bullfrogs
  A big kobold (D:7)
  2 water moccasin zombies (Ossuary)
  2 scorpions (D:6)
  2 howler monkeys
  A crimson imp (D:6)
  Crazy Yiuf (D:2)
  Jessica (D:2)
  Natasha (twice) (D:3)
  3 worker ants
  2 big kobold zombies (Ossuary)
  2 mummies (Ossuary)
  Robin (D:2)
  10 adders
  4 adder zombies (Ossuary)
  4 worms
  A dart slug (D:1)
  6 leopard geckos
  5 orcs
  2 ball pythons
  6 giant cockroaches
  16 goblins
  12 hobgoblins
  10 jackals
  14 kobolds
  8 bats
  4 frilled lizards
  3 hobgoblin zombies (Ossuary)
  A jackal skeleton (D:4)
  A jackal zombie (D:6)
  6 kobold zombies (Ossuary)
  2 leopard gecko skeletons
  5 orc zombies (Ossuary)
  4 rats
  A plant (D:2)
154 creatures vanquished.

Notes
Turn   | Place    | Note
-------+----------+-------------------------------------------
     0 | D:1      | Amciq the Troll Hunter began the quest for the Orb.
     0 | D:1      | Reached XP level 1. HP: 19/19 MP: 0/0
   249 | D:1      | Reached XP level 2. HP: 28/28 MP: 1/1
   548 | D:1      | Reached skill level 4 in Throwing
   941 | D:2      | Noticed Robin
   958 | D:1      | Reached XP level 3. HP: 33/35 MP: 2/2
  1104 | D:1      | Reached skill level 1 in Maces & Flails
  1142 | D:2      | Killed Robin
  1176 | D:2      | Noticed Jessica
  1185 | D:2      | Killed Jessica
  1185 | D:2      | Reached XP level 4. HP: 43/44 MP: 3/3
  1441 | D:2      | Reached XP level 5. HP: 50/50 MP: 4/4
  1687 | D:2      | Found a runed door.
  1761 | D:2      | Noticed Crazy Yiuf
  1766 | D:2      | Killed Crazy Yiuf
  2209 | D:3      | Gained mutation: Your spells are a little easier to cast, but a little less powerful. [potion of mutation]
  2209 | D:3      | Gained mutation: You are resistant to hostile enchantments. (MR+) [potion of mutation]
  2697 | D:3      | Noticed Natasha
  2706 | D:3      | Killed Natasha
  2706 | D:3      | Reached skill level 5 in Throwing
  2800 | D:3      | Noticed Natasha
  2805 | D:3      | Killed Natasha
  2805 | D:3      | Reached XP level 6. HP: 43/61 MP: 5/5
  3476 | D:4      | Found an ornate altar of the Wu Jian Council.
  3486 | D:4      | Found a sacrificial altar of Ru.
  4060 | D:5      | Entered Level 5 of the Dungeon
  4923 | D:6      | Noticed an ice beast
  4924 | D:6      | Reached XP level 7. HP: 62/68 MP: 6/6
  4968 | D:6      | Found a glowing golden altar of the Shining One.
  4969 | D:6      | Found a snail-covered altar of Cheibriados.
  4969 | D:6      | Found a hazy altar of Hepliaklqana.
  4970 | D:6      | Found a blossoming altar of Fedhas.
  4970 | D:6      | Found a basalt altar of Yredelemnul.
  4970 | D:6      | Found a burning altar of Makhleb.
  4985 | D:6      | Became a worshipper of the Shining One
  5042 | D:6      | Found a sand-covered staircase.
  5060 | Ossuary  | Entered an ossuary
  5097 | Ossuary  | Reached * piety under the Shining One
  5194 | Ossuary  | Reached ** piety under the Shining One
  5197 | Ossuary  | Reached skill level 6 in Throwing
  5206 | Ossuary  | Reached skill level 1 in Invocations
  5233 | Ossuary  | Noticed Vi's ghost (novice TrFi)
  5435 | D:6      | Found a staircase to the Ecumenical Temple.
  5453 | D:6      | Reached XP level 8. HP: 64/79 MP: 8/8
  5823 | D:7      | Found Poumnine's Distillery.
  5830 | D:7      | Bought a potion of curing for 33 gold pieces
  5830 | D:7      | Bought a potion of curing for 33 gold pieces
  5830 | D:7      | Bought a potion of curing for 33 gold pieces
  5830 | D:7      | Bought a potion of might for 44 gold pieces
  5909 | D:7      | Reached skill level 5 in Fighting
  5909 | D:7      | Reached skill level 5 in Maces & Flails
  5918 | D:7      | Slain by a hog

Vault maps used:
D:1:      minmay_arrival_four_circles, roderic_lattice_a, minmay_crystal_room,
          minmay_misc_feat_ornament
D:2:      first_bread, lexackson_kobold_supper, uniq_crazy_yiuf_cottage,
          uniq_jessica, uniq_robin
D:3:      uniq_natasha
D:4:      kennysheep_mini_moat, nicolae_overflow_crystal_walls,
          minmay_misc_feat_rugged
D:6:      grunt_temple_overflow_open, temple_fountains, enter_ossuary_3,
          hex_medium, lemuel_flamethrower_1
D:7:      serial_shops, nicolae_shop_stone, shop, shop_statue,
          nicolae_shop_overgrown_old_shop, grunt_livestock, uniq_prince_ribbit1,
          uniq_duvessa
Ossuary:  ossuary_tomb_2

Skill      XL: |  1  2  3  4  5  6  7  8 |
---------------+-------------------------+-----
Throwing       | 4 5 6 |  6.9
Fighting       | 2 3 4 5 |  5.0
Maces & Flails | 1 2 3 4 5 |  5.1
Invocations    | 1 3 |  3.2
Dodging        | |  1.5
Stealth        | |  0.3

Action                   |  1- 3 |  4- 6 |  7- 9 || total
-------------------------+-------+-------+-------++-------
Melee: Short sword       |    25 |       |       ||    25
       Whip              |    80 |   201 |   173 ||   454
Throw: Large rock        |       |       |     2 ||     2
Invok: Divine Shield     |       |       |     2 ||     2
  Use: Scroll            |     4 |    10 |     1 ||    15
       Potion            |       |     1 |     2 ||     3
 Stab: Sleeping          |       |     7 |       ||     7
  Eat: Chunk             |    16 |    28 |    16 ||    60
Armor: Robe              |    76 |    72 |    55 ||   203
Dodge: Dodged            |    88 |    77 |    60 ||   225
Block: Other             |       |       |    12 ||    12
